 Dungeon Crawl Stone Soup version 0.18.1-48-g4cf74bf (console) character file.

143 Kloppie the Skirmisher (level 5, 0/47 HPs)
             Began as a Minotaur Abyssal Knight on July 6, 2016.
             Was a Believer of Lugonu.
             Killed from afar by Natasha (2 damage)
             ... with a wand of flame
             ... on level 2 of the Dungeon.
             The game lasted 00:02:22 (1721 turns).

Kloppie the Skirmisher (Minotaur Abyssal Knight)    Turns: 1721, Time: 00:02:23

Health: 0/47       AC:  7    Str: 17    XL:     5   Next: 4%
Magic:  5/5        EV: 10    Int:  9    God:    Lugonu [**....]
Gold:   79         SH:  0    Dex: 10    Spells: 0 memorised, 4 levels left

rFire  . . .     SeeInvis .     a - +1 falchion
rCold  . . .     Gourm    .     e - +0 scale mail
rNeg   . . .     Faith    .     (no shield)
rPois  .         Spirit   .     (helmet restricted)
rElec  .         Dismiss  .     (no cloak)
rCorr  .         Reflect  .     (no gloves)
SustAt .         Harm     .     (no boots)
MR     .....                    (no amulet)
Stlth  ..........               (no ring)
                                (no ring)

@: not resistant to hostile enchantments, extremely unstealthy
A: retaliatory headbutt, horns 2
a: Depart the Abyss, Bend Space, Renounce Religion


You were on level 2 of the Dungeon.
You worshipped Lugonu.
Lugonu was pleased with you.
You were not hungry.

You visited 1 branch of the dungeon, and saw 2 of its levels.
You visited the Abyss 1 time.

You collected 79 gold pieces.

Inventory:

Hand Weapons
 a - a +1 falchion (weapon)
Armour
 e - a +0 scale mail (worn)
Wands
 j - a wand of teleportation (4/9)
Scrolls
 b - a scroll of identify {unknown}
 d - a scroll of blinking {unknown}
 g - a scroll of recharging {unknown}
 h - a scroll of fog {unknown}
 i - a scroll of amnesia {unknown}
Comestibles
 c - a bread ration
 f - 4 chunks of flesh
 k - a meat ration


   Skills:
 + Level 4.6 Fighting
 + Level 3.9 Long Blades
 + Level 4.2 Armour
 - Level 1.8 Dodging
 - Level 1.8 Invocations


You had 4 spell levels left.
You didn't know any spells.

Dungeon Overview and Level Annotations

Branches:
Dungeon (2/15)

Altars:
Ashenzari
Dithmenos

Annotations:
D:2 Natasha


Innate Abilities, Weirdness & Mutations

You reflexively headbutt those who attack you in melee.
You have a pair of horns on your head.


Message History

You closely miss Natasha.
Natasha is heavily wounded.
Natasha casts a spell at you. The magic dart hits you!
You barely miss Natasha. Your headbutt misses Natasha.
Natasha is heavily wounded.
Natasha closely misses you.
You miss Natasha.
Natasha is heavily wounded.
Natasha zaps a wand.
The puff of flame hits you!
* * * LOW HITPOINT WARNING * * *
You hit Natasha.
Natasha is severely wounded.
Natasha claws you.
* * * LOW HITPOINT WARNING * * *
You aren't carrying any potions.
You hit Natasha. Your headbutt misses Natasha.
Natasha is almost dead.
Natasha zaps a wand.
The puff of flame hits you!
You die...

+....+............... ..
#....##.......#......
...#....##.......#......
...#..........####......
.....)##......# #..[...
......##......####......
......................##
......................##
......h@..........####..
......†...........# #..
..................####..
...........##......)....
.........####...........
.........####...........
..............#######...
....#.#####.............
...#. #.............


You could see Natasha.

Vanquished Creatures
  Natasha (twice) (D:2)
  Robin (D:2)
  A gnoll (D:1)
  An adder (D:2)
  An ooze (D:1)
  2 worms (D:2)
  2 giant cockroaches (D:2)
  12 goblins (D:2)
  9 hobgoblins
  5 jackals (D:1)
  A kobold (D:2)
  A ball python (D:1)
  5 bats
  2 giant newts (D:1)
  7 rats
52 creatures vanquished.

Notes
Turn   | Place    | Note
--------------------------------------------------------------
     0 | Abyss:1  | Kloppie the Minotaur Abyssal Knight began the quest for the Orb.
     0 | Abyss:1  | Reached XP level 1. HP: 19/19 MP: 1/1
     6 | D:1      | Escaped the Abyss
    20 | D:1      | Reached * piety under Lugonu
    31 | D:1      | Reached XP level 2. HP: 4/27 MP: 2/2
   340 | D:1      | Found a shattered altar of Ashenzari.
   738 | D:1      | Reached XP level 3. HP: 29/33 MP: 3/3
   954 | D:2      | Noticed Natasha
   977 | D:2      | Killed Natasha
   977 | D:2      | Reached XP level 4. HP: 8/40 MP: 4/4
  1288 | D:2      | Noticed Natasha
  1298 | D:2      | Killed Natasha
  1338 | D:2      | Noticed Robin
  1358 | D:2      | Found a shadowy altar of Dithmenos.
  1378 | D:2      | Reached ** piety under Lugonu
  1412 | D:2      | Killed Robin
  1517 | D:2      | Reached XP level 5. HP: 29/47 MP: 5/5
  1709 | D:2      | Noticed Natasha
  1720 | D:2      | HP: 1/47 [Natasha (5)]
  1721 | D:2      | Killed from afar by Natasha

Skill      XL: |  1  2  3  4 |
---------------+-------------+-----
Fighting       | 4 |  4.6
Armour         | 3 4 |  4.2
Long Blades    | 3 |  3.9
Dodging        | |  1.8
Invocations    | |  1.8

Action                   |  1- 3 |  4- 6 || total
-------------------------+-------+-------++-------
Melee: Falchion          |    63 |    62 ||   125
       Headbutt          |    10 |     6 ||    16
Invok: Depart the Abyss  |     1 |       ||     1
  Eat: Chunk             |       |     3 ||     3
Armor: Leather armour    |     8 |       ||     8
       Scale mail        |     9 |    28 ||    37
Dodge: Dodged            |    42 |    44 ||    86
